Map: Écho EC

Players

Mermich - Winner!

  • Race: Zerg Zerg

AgCl

  • Race: Protoss Protoss

VOD

Have the link to the VOD?

Description

Time

  • Played on: May 16, 2015, 6:10 p.m.
  • Length: 4:04
Show
View Real Time Build Order
Export as new Build Order

Mermich Zerg - Winner!

Build Orders: Pool First 

Get SALT Encoding   

  12  0:02  Drone  
  13  0:09  Drone  
  14  0:15  Extractor  
  14  0:17  Drone  
  14  0:31  Spawning Pool  
  14  0:35  Drone  
  14  0:44  Overlord  
  14  0:52  Drone, Extractor  
  15  1:18  Metabolic Boost  
  15  1:27  Hatchery  
  15  1:32  Drone  
  15  1:33  Drone  
  16  1:44  Queen  
  18  1:49  Zergling x2  
  19  1:59  Zergling x2  
  19  2:00  Zergling x2  
  21  2:07  Zergling x2  
  22  2:15  Overlord  
  22  2:33  Zergling x2  
  22  2:35  Queen  
  25  2:57  Zergling x2  
  25  2:58  Zergling x14  
  31  3:03  Drone x2  
  32  3:30  Drone x3  
  31  3:52  Drone x4  
Show
View Real Time Build Order
Export as new Build Order

AgCl Protoss 

Build Orders:  

Get SALT Encoding   

  12  0:16  Pylon  
  12  0:19  Probe  
  13  0:31  Probe  
  14  0:38  Gateway  
  14  0:43  Probe  
  15  0:55  Probe  
  16  0:59  Assimilator  
  16  1:07  Probe  
  17  1:19  Probe  
  18  1:28  Cybernetics Core  
  18  1:29  Zealot  
  18  1:32  Probe (Chrono Boost)  
  21  1:44  Probe (Chrono Boost)  
  22  1:57  Nexus  
  22  2:07  Pylon, Warp Gate (Chrono Boost)  
  22  2:14  Assimilator  
  22  2:25  Probe  
  23  2:40  Pylon  
  23  2:41  Probe (Chrono Boost)  
  23  2:45  Zealot (Chrono Boost)  
  23  2:50  Probe (Chrono Boost)  
  28  2:58  Mothership Core (Chrono Boost)  
  28  2:59  Stargate  
  28  3:11  Adept (Chrono Boost)  
  28  3:12  Probe  
  29  3:24  Probe  
  27  3:32  Forge  
  27  3:36  Probe  
  26  3:51  Probe  
Tags
 
Add a new tag
Caveats
  • Supply blocks, unpowered buildings, or Contaminate may cause inaccurate times.
  • Supply counts are checked every 10 seconds.